 Dungeon Crawl Stone Soup version 0.27-a0-1065-ge809cff456 (webtiles) character file.

Game seed: 62425316427188402

25613 Mgcat the Destroyer (level 12, -10/86 HPs)
             Began as a Mummy Conjurer on Apr 22, 2021.
             Was an Initiate of Gozag.
             Mangled by Rupert
             ... wielding a +5 battleaxe of distortion
              (47 damage)
             ... on level 4 of the Lair of Beasts.
             The game lasted 00:32:31 (16923 turns).

Mgcat the Destroyer (Mummy Conjurer)               Turns: 16923, Time: 00:32:32

Health: -10/86     AC: 11    Str: 16    XL:     12   Next: 91%
Magic:  2/27       EV: 21    Int: 25    God:    Gozag
Gold:   794        SH:  4    Dex: 10    Spells: 26/33 levels left

rFire    x . .     SeeInvis +   n - +4 hunting sling of Dishonour {flame, rPois Str+4 Int+4 SInv}
rCold    + . .     Faith    .   g - +0 buckler
rNeg     + + +     Spirit   .   v - +2 steam dragon scales
rPois    ∞         Reflect  .   x - +2 hat
rElec    .         Harm     .   y - +0 cloak
rCorr    .         Rampage  .   (no gloves)
Will     +....                  (no boots)
Stlth    ++........             l - amulet of regeneration {+regen, !d}
HPRegen  1.24/turn              h - +4 ring of evasion
MPRegen  0.20/turn              z - +4 ring of evasion

@: mighty, very slightly contaminated
A: cold resistance 1, negative energy resistance 3, torment resistance 2,
unbreathing 1, heat vulnerability 1, no potions
a: Renounce Religion, Potion Petition, Call Merchant, Bribe Branch


You were on level 4 of the Lair of Beasts.
You worshipped Gozag.
Gozag was pleased with you.
You visited 3 branches of the dungeon, and saw 16 of its levels.

You collected 2127 gold pieces.
You spent 117 gold pieces at shops.
You paid 1216 gold pieces to Gozag.

Inventory:

Hand Weapons
 n - the +4 hunting sling of Dishonour (weapon) {flame, rPois Str+4 Int+4 SInv}
   (You bought it in a shop on level 4 of the Dungeon)

   It causes projectiles fired from it to burn those they strike, causing extra
   injury to most foes and up to half again as much damage against particularly
   susceptible opponents.
   It affects your strength (+4).
   It affects your intelligence (+4).
   It protects you from poison.
   It lets you see invisible.
Missiles
 o - 127 sling bullets (quivered ammo)
 r - 218 stones
 w - 2 throwing nets {=f, !d}
Armour
 g - a +0 buckler (worn)
   (You found it on level 2 of the Dungeon)
 v - +2 steam dragon scales (worn)
   (You took it off Maggie on level 6 of the Dungeon)
 x - a +2 hat (worn)
   (You found it on level 8 of the Dungeon)
 y - a +0 cloak (worn)
   (You found it on level 1 of the Lair of Beasts)
 B - a +2 pair of boots
   (You found it on level 3 of the Lair of Beasts)
Magical Staves
 q - a staff of cold {rC+}
   (You found it on level 1 of the Lair of Beasts)
Jewellery
 a - a +6 ring of dexterity
   (You found it on level 3 of the Lair of Beasts)
 h - a +4 ring of evasion (left hand)
   (You found it on level 1 of the Lair of Beasts)
 i - a ring of willpower
   (You found it on level 10 of the Dungeon)
 l - an amulet of regeneration (around neck) {+regen, !d}
   (You found it on level 4 of the Dungeon)
 m - a ring of ice {rC+, rF-}
   (You took it off a kobold on level 4 of the Dungeon)
 z - a +4 ring of evasion (right hand)
   (You found it on level 1 of the Lair of Beasts)
 A - a ring of wizardry {Wiz+, !d}
   (You found it on level 2 of the Lair of Beasts)
Wands
 k - a wand of iceblast (20)
   (You found it on level 3 of the Dungeon)
 u - a wand of charming (20)
   (You found it on level 6 of the Dungeon)
 C - a wand of mindburst (17)
   (You found it on level 4 of the Lair of Beasts)
Scrolls
 b - 5 scrolls of enchant weapon
 c - 12 scrolls of identify
 d - 3 scrolls of immolation {!r}
 e - 4 scrolls of fog
 f - 3 scrolls of blinking {!r}
 j - 3 scrolls of vulnerability {!r!r}
 p - 8 scrolls of teleportation
 s - 2 scrolls of amnesia
 t - a scroll of magic mapping {!r}


   Skills:
 - Level 5.0 Fighting
 - Level 5.0 Slings
 - Level 4.0 Armour
 - Level 5.0 Dodging
 - Level 1.5 Stealth
 - Level 4.0 Shields
 - Level 11.0 Spellcasting
 * Level 13.6 Conjurations


You had 26 spell levels left.
You knew the following spells:

 Your Spells              Type           Power      Damage    Failure   Level
a - Magic Dart            Conj           100%       1d8       0%          1
b - Searing Ray           Conj           100%       3d7       1%          2
c - Fulminant Prism       Conj/Hex       23%        3d13      2%          4

Your spell library contained the following spells:

 Spells                   Type           Power      Damage    Failure   Level
 Dazzling Flash           Conj/Hex       94%        N/A       1%          3
 Stone Arrow              Conj/Erth      94%        3d12      1%          3
 Iskenderun's Mystic Bla  Conj/Tloc      47%        2d10      2%          4
 Sandblast                Erth           26%        2d8       4%          1
 Corpse Rot               Necr/Air       N/A        N/A       7%          2
 Passwall                 Tmut/Erth      10%        N/A       7%          2
 Confusing Touch          Hex            13%        N/A       13%         3
 Gell's Gravitas          Tloc           6%         N/A       13%         3
 Dispel Undead            Necr           13%        3d9       41%         4
 Petrify                  Tmut/Erth      13%        N/A       41%         4
 Agony                    Necr           13%        N/A       77%         5
 Excruciating Wounds      Necr           6%         N/A       77%         5
 Lee's Rapid Deconstruct  Erth           6%         3d7*      77%         5
 Metabolic Englaciation   Hex/Ice        6%         N/A       77%         5
 Yara's Violent Unravell  Hex/Tmut       6%         3d5       77%         5
 Sublimation of Blood     Necr           Unusable   N/A       N/A         2

Dungeon Overview and Level Annotations

Branches:
Dungeon (11/15)            Temple (1/1) D:5            Lair (4/6) D:9
 Shoals (0/4) Lair:2       Spider (0/4) Lair:3
    Orc: D:9-12

Altars:
Ashenzari
Cheibriados
Dithmenos
Elyvilon
Fedhas
Gozag
Hepliaklqana
Kikubaaqudgha
Makhleb
Nemelex Xobeh
Okawaru
Qazlal
Ru
Sif Muna
Trog
Uskayaw
Vehumet
Wu Jian
Xom
Yredelemnul
Zin
The Shining One

Shops:
D:4 (   D:7 [   Lair:1 :

Annotations:
D:9 2 transporters, 3 runed translucent doors
Lair:4 Rupert


Innate Abilities, Weirdness & Mutations

You are immune to poison.
Your flesh is cold resistant. (rC+)
You are immune to negative energy. (rN+++)
You are immune to unholy pain and torment.
You can survive without breathing.
You are vulnerable to heat. (rF-)
You do not drink.


Message History

Unknown command.
Lua error: [string "/dgldir/rcfiles/crawl-git/Mgcat.rc"]:930: invalid capture index Lua error: [string "/dgldir/rcfiles/crawl-git/Mgcat.rc"]:930: invalid capture index Unknown command.
Lua error: [string "/dgldir/rcfiles/crawl-git/Mgcat.rc"]:930: invalid capture index Unknown command.
Spoiler Alert: Rupert (ally target) can paralyse you in fear!
Lua error: [string "/dgldir/rcfiles/crawl-git/Mgcat.rc"]:930: invalid capture index Lua error: [string "/dgldir/rcfiles/crawl-git/Mgcat.rc"]:930: invalid capture index Lua error: [string "/dgldir/rcfiles/crawl-git/Mgcat.rc"]:930: invalid capture index Lua error: [string "/dgldir/rcfiles/crawl-git/Mgcat.rc"]:930: invalid capture index Lua error: [string "/dgldir/rcfiles/crawl-git/Mgcat.rc"]:930: invalid capture index Lua error: [string "/dgldir/rcfiles/crawl-git/Mgcat.rc"]:930: invalid capture index Unknown command.
Spoiler Alert: Rupert (ally target) can paralyse you in fear!
Unknown command.
Lua error: [string "/dgldir/rcfiles/crawl-git/Mgcat.rc"]:930: invalid capture index Really attack while wielding nothing?
Okay, then.
Lua error: [string "/dgldir/rcfiles/crawl-git/Mgcat.rc"]:930: invalid capture index Lua error: [string "/dgldir/rcfiles/crawl-git/Mgcat.rc"]:930: invalid capture index Unknown command.
Spoiler Alert: Rupert (ally target) can paralyse you in fear!
You feel stronger.
You feel clever.
The +4 hunting sling of Dishonour {flame, rPois Str+4 Int+4 SInv} bursts into flame!
n - the +4 hunting sling of Dishonour (weapon)
{flame, rPois Str+4 Int+4 SInv} Lua error: [string "/dgldir/rcfiles/crawl-git/Mgcat.rc"]:930: invalid capture index Fire: 132 sling bullets
Press: ? - help, Q - select action, (/) - cycle Shift-Dir - straight line, f - Rupert
Aim: Rupert, wielding a +5 battleaxe of distortion and wearing a +0 chain mail (heavily wounded, ally target, 72% to hit)
You shoot a sling bullet.
The sling bullet completely misses Rupert.
You flicker back into view.
Rupert yells loudly at you. You resist with significant effort.
Your fulminant prism crackles loudly.
Spoiler Alert: Rupert (ally target) can paralyse you in fear!
Fire: 131 sling bullets
Press: ? - help, Q - select action, (/) - cycle Shift-Dir - straight line, f/p - Rupert
Aim: Rupert, wielding a +5 battleaxe of distortion and wearing a +0 chain mail (heavily wounded, ally target, 72% to hit)
You shoot a sling bullet. The sling bullet hits Rupert.
The sling bullet burns Rupert.
Rupert is heavily wounded.
Rupert barely misses you.
Your fulminant prism explodes!
The blast of energy engulfs Rupert!!
Rupert is severely wounded.
Spoiler Alert: Rupert can paralyse you in fear!
Fire: 130 sling bullets
Press: ? - help, Q - select action, (/) - cycle Shift-Dir - straight line, f/p - Rupert
Aim: Rupert, wielding a +5 battleaxe of distortion and wearing a +0 chain mail (severely wounded, 72% to hit)
You shoot a sling bullet. The sling bullet barely misses Rupert.
Rupert completely misses you.
Fire: 129 sling bullets
Press: ? - help, Q - select action, (/) - cycle Shift-Dir - straight line, f/p - Rupert
Aim: Rupert, wielding a +5 battleaxe of distortion and wearing a +0 chain mail (severely wounded, 72% to hit)
You shoot a sling bullet.
The sling bullet completely misses Rupert.
Rupert yells loudly at you. You resist with significant effort.
You regained 2 hp, and now have 52/86 hp.
Spoiler Alert: Rupert can paralyse you in fear!
Fire: 128 sling bullets
Press: ? - help, Q - select action, (/) - cycle Shift-Dir - straight line, f/p - Rupert
Aim: Rupert, wielding a +5 battleaxe of distortion and wearing a +0 chain mail (severely wounded, 72% to hit)
You shoot a sling bullet. The sling bullet hits Rupert.
The sling bullet burns Rupert.
Rupert is severely wounded.
Rupert roars madly and goes into a rage!
Rupert goes berserk!
Spoiler Alert: Rupert (berserk) can paralyse you in fear!
Aiming: Iceblast
Press: ? - help, Shift-Dir - straight line, p - Rupert The mass of ice explodes!
The iceblast engulfs Rupert!
Rupert is severely wounded.
Rupert closely misses you.
Lua error: [string "/dgldir/rcfiles/crawl-git/Mgcat.rc"]:930: invalid capture index
Aiming: Iceblast
Press: ? - help, Shift-Dir - straight line The mass of ice explodes!
The iceblast engulfs Rupert!
Rupert is almost dead.
Rupert hits you with a +5 battleaxe of distortion!
You block Rupert's attack.
You take 15 damage, and have 39/86 hp.
Spoiler Alert: Rupert (berserk) can paralyse you in fear!
Aiming: Iceblast
Press: ? - help, Shift-Dir - straight line The mass of ice explodes!
The iceblast engulfs Rupert!
Rupert is almost dead.
Rupert barely misses you.
Lua error: [string "/dgldir/rcfiles/crawl-git/Mgcat.rc"]:930: invalid capture index
Aiming: Iceblast
Press: ? - help, Shift-Dir - straight line The mass of ice explodes!
The iceblast engulfs Rupert!
Rupert is almost dead.
Rupert hits you with a +5 battleaxe of distortion.
Rupert hits you with a +5 battleaxe of distortion!!!
Ouch! That really hurt!
You die...
Your body crumbles into a pile of gold.

#....#.................
#P..........#P.......#
##....###.#.##.......#
#....#.#######.......####.#
#.<..................P.#....
##...........................
.............................
.........(...................
.........(((...@@$...........
..........##.##..............
.......#####.##.....$........
.#.....###P####....!..##..##
##.....##P..###..####..##.#
#..^..##....##.....##.P#.####.
#.....'.....##.....'..........
#.....##P..##......##.#.....#.
#......####....8...+.##.......


You could see Rupert (berserk).

Vanquished Creatures
  2 hydras (Lair:4)
  A two-headed ogre (D:10)
  A cyclops (D:11)
  2 manticores (D:11)
  4 elephants (Lair:3)
  2 black mambas
  A merfolk siren (Lair:2)
  13 cane toads
  5 komodo dragons
  Maggie (D:6)
  A kobold demonologist (D:10)
  3 jumping spiders (Lair:3)
  2 hornets
  4 polar bears
  2 trolls (D:11)
  7 blink frogs (Lair:2)
  A shadow (D:11)
  2 redbacks (Lair:3)
  2 vampires
  5 wyverns
  12 yaks
  A basilisk (Lair:2)
  A wraith (D:11)
  A steam dragon (D:7)
  14 water moccasins
  An acid dragon (D:9)
  3 orc warriors
  A sky beast (D:5)
  3 black bears
  An ice beast (D:6)
  4 ogres
  4 wolves (Lair:1)
  5 centaurs
  A phantom (D:6)
  3 bullfrogs
  4 kobold brigands (D:10)
  Blork the orc (D:6)
  A gnoll sergeant (D:10)
  2 scorpions
  A wyvern skeleton (D:7)
  A water moccasin skeleton (D:5)
  12 killer bees (D:9)
  10 wights
  An electric eel (Lair:2)
  5 centaur zombies
  3 hounds
  4 jellies
  5 orc priests
  2 centaur skeletons (D:7)
  A bullfrog skeleton (D:6)
  4 gnoll shamans
  2 iguanas
  2 orc wizards (D:6)
  5 hell rats (Lair:4)
  24 gnolls
  3 adders
  A howler monkey skeleton (D:7)
  2 white imps
  2 worms (D:3)
  2 dart slugs
  16 orcs
  5 endoplasms
  A giant cockroach (D:4)
  5 goblins
  15 hobgoblins
  16 jackals
  13 kobolds
  A quokka (D:1)
  10 ball pythons
  8 bats
  3 frilled lizards
  5 rats
314 creatures vanquished.

Vanquished Creatures (others)
  31 fulminant prisms
  13 fungi
  14 plants
58 creatures vanquished.

Grand Total: 372 creatures vanquished

Notes
Turn   | Place    | Note
-------+----------+-------------------------------------------
     0 | D:1      | Mgcat the Mummy Conjurer began the quest for the Orb.
     0 | D:1      | Reached XP level 1. HP: 13/13 MP: 4/4
    72 | D:1      | HP: 2/13 [hobgoblin (4)]
   358 | D:1      | Reached skill level 3 in Spellcasting
   435 | D:1      | Reached XP level 2. HP: 19/19 MP: 3/6
  1110 | D:1      | Reached XP level 3. HP: 20/24 MP: 1/8
  1620 | D:1      | Learned a level 2 spell: Searing Ray
  1677 | D:2      | Reached skill level 4 in Spellcasting
  1824 | D:2      | Reached skill level 4 in Conjurations
  2113 | D:2      | Reached XP level 4. HP: 30/30 MP: 6/10
  2134 | D:2      | Noticed a black bear
  2253 | D:2      | Killed a black bear
  2254 | D:2      | Reached XP level 5. HP: 35/35 MP: 3/12
  2824 | D:3      | Reached skill level 5 in Spellcasting
  2827 | D:3      | Reached skill level 5 in Conjurations
  3223 | D:3      | Reached XP level 6. HP: 41/41 MP: 9/13
  3924 | D:4      | Found a hide-covered altar of Uskayaw.
  3925 | D:4      | Found a sacrificial altar of Ru.
  4016 | D:4      | Found a broken altar of Ashenzari.
  4016 | D:4      | Found a bloodstained altar of Trog.
  4075 | D:4      | Found Tedos's Antique Weapon Emporium.
  4078 | D:4      | Bought a scorched hunting sling for 117 gold pieces
  4078 | D:4      | Identified the +4 hunting sling of Dishonour {flame, rPois
                  | Str+4 Int+4 SInv} (You bought it in a shop on level 4 of
                  | the Dungeon)
  4177 | D:4      | You fall into a shaft and drop 2 floors!
  4227 | D:6      | Reached skill level 6 in Spellcasting
  4227 | D:6      | Reached skill level 6 in Conjurations
  4227 | D:6      | Reached XP level 7. HP: 46/46 MP: 7/16
  4353 | D:5      | Entered Level 5 of the Dungeon
  4609 | D:5      | Reached skill level 1 in Fighting
  4836 | D:5      | Reached skill level 2 in Fighting
  4892 | D:5      | Found a large runed translucent door.
  4893 | D:5      | Found a large runed translucent door.
  5157 | D:5      | Reached XP level 8. HP: 57/57 MP: 12/18
  5187 | D:5      | Reached skill level 7 in Spellcasting
  5187 | D:5      | Reached skill level 7 in Conjurations
  5349 | D:5      | Found a staircase to the Ecumenical Temple.
  5356 | Temple   | Entered the Ecumenical Temple
  5619 | D:5      | Found a sparkling altar of Nemelex Xobeh.
  5623 | D:5      | Reached skill level 3 in Fighting
  5625 | D:5      | Found a basalt altar of Yredelemnul.
  5736 | D:6      | Noticed Blork the orc
  5744 | D:6      | Killed Blork the orc
  5827 | D:6      | Learned a level 4 spell: Fulminant Prism
  5942 | D:6      | Reached skill level 1 in Shields
  5942 | D:6      | Reached skill level 8 in Spellcasting
  6141 | D:6      | Noticed Maggie
  6151 | D:6      | HP: 1/58 [Maggie/bolt of fire (19)]
  6152 | D:6      | Killed Maggie
  6153 | D:6      | Reached skill level 8 in Conjurations
  6153 | D:6      | Reached XP level 9. HP: 1/63 MP: 7/21
  6689 | D:6      | Reached skill level 2 in Shields
  6926 | D:7      | Reached skill level 1 in Armour
  7173 | D:7      | Found Zettargh's Antique Armour Emporium.
  7578 | D:7      | Found a shadowy altar of Dithmenos.
  7723 | D:8      | Reached skill level 2 in Armour
  7723 | D:8      | Reached skill level 9 in Spellcasting
  7801 | D:8      | Reached skill level 3 in Shields
  7801 | D:8      | Reached skill level 9 in Conjurations
  8689 | D:9      | Found a transporter.
  8689 | D:9      | Noticed a boulder beetle
  8693 | D:9      | Noticed a green ugly thing
  8697 | D:9      | Noticed a fire dragon
  8808 | D:9      | Reached XP level 10. HP: 64/70 MP: 19/23
  9005 | D:9      | Reached skill level 3 in Armour
  9153 | D:9      | Found a transporter.
  9199 | D:9      | Found a staircase to the Lair.
  9237 | D:9      | Found an ornate altar of the Wu Jian Council.
  9237 | D:9      | Found an opulent altar of Gozag.
  9265 | D:9      | Became a worshipper of Gozag Ym Sagoz the Greedy
  9529 | D:9      | Found a runed translucent gate.
  9529 | D:9      | Found a runed translucent gate.
  9529 | D:9      | Found a runed translucent gate.
  9529 | D:9      | Noticed a cyan ugly thing
  9529 | D:9      | Noticed a green very ugly thing
  9530 | D:9      | Noticed a green ugly thing
  9530 | D:9      | Noticed a glowing orange brain
  9530 | D:9      | Noticed a brown ugly thing
  9530 | D:9      | Noticed a red ugly thing
  9530 | D:9      | Noticed a green ugly thing
  9942 | D:10     | Entered Level 10 of the Dungeon
  9945 | D:10     | Noticed a soul eater
 10115 | D:10     | Reached skill level 4 in Shields
 10309 | D:10     | Noticed a two-headed ogre
 10320 | D:10     | Killed a two-headed ogre
 10321 | D:10     | Reached skill level 10 in Spellcasting
 10321 | D:10     | Reached skill level 10 in Conjurations
 10553 | D:10     | Reached skill level 4 in Armour
 10880 | D:10     | Reached skill level 2 in Dodging
 11205 | D:11     | Noticed a manticore
 11212 | D:11     | Killed a manticore
 11287 | D:11     | Reached XP level 11. HP: 76/76 MP: 15/25
 11487 | D:11     | Reached skill level 4 in Fighting
 12198 | D:11     | Reached skill level 3 in Dodging
 12249 | D:11     | Reached skill level 11 in Spellcasting
 12648 | Lair:1   | Entered Level 1 of the Lair of Beasts
 12672 | Lair:1   | Reached skill level 11 in Conjurations
 12763 | Lair:1   | Reached skill level 1 in Slings
 13031 | Lair:1   | Found an ancient bone altar of Kikubaaqudgha.
 13040 | Lair:1   | Reached skill level 4 in Dodging
 13042 | Lair:1   | Reached skill level 2 in Slings
 13622 | Lair:1   | Reached skill level 3 in Slings
 13904 | Lair:2   | Reached skill level 12 in Conjurations
 13990 | Lair:2   | Reached XP level 12. HP: 69/83 MP: 16/27
 14040 | Lair:2   | Reached skill level 4 in Slings
 14777 | Lair:2   | Found a staircase to the Shoals.
 15222 | Lair:3   | Reached skill level 5 in Slings
 15445 | Lair:3   | Found a hole to the Spider Nest.
 15494 | Lair:3   | Reached skill level 13 in Conjurations
 16159 | Lair:4   | Noticed Rupert
 16540 | Lair:4   | Noticed a seven-headed hydra
 16560 | Lair:3   | Reached skill level 5 in Fighting
 16868 | Lair:4   | Killed a seven-headed hydra
 16869 | Lair:4   | Reached skill level 5 in Dodging
 16873 | Lair:4   | Noticed a seven-headed hydra
 16883 | Lair:4   | Killed a seven-headed hydra
 16923 | Lair:4   | Mangled by Rupert

Illustrated notes

Levels and vault maps discovered:
D:1:      tarquinn_simple_flora_water_f, layout_loops_ring
D:2:      layout_basic, chequers_serial_rivers_large_a
D:3:      layout_loops_corners
D:4:      layout_basic, chequers_temple_overflow_statue_of_worship,
          serial_shops, kennysheep_mini
D:5:      layout_loops_ring, jmf_multi_god_temple2,
          minmay_temple_entry_proselytizer
D:6:      layout_basic, uniq_maggie, uniq_blork_the_orc
D:7:      layout_rooms, pf_just_have_faith, serial_shops,
          nicolae_shop_temple_entry_statues_fountains, grunt_ministairs_6
D:8:      layout_basic, tso_metal_star
D:9:      gammafunk_sealed_arena, layout_irregular_city,
          gammafunk_temple_overflow_wave, lair_entry_dummy,
          ploomutoo_gammafunk_ghost_potion_laboratory, serial_glass,
          glass_columns_c, glass_columns_c, glass_columns_b, glass_columns_c,
          glass_columns_a, glass_columns_a, minmay_strange_pillars,
          item_on_display_a, due_unseen_surprise
D:10:     layout_cave_pods, serial_column_ruins, column_ruins_grid_4,
          column_ruins_columns_corner, column_ruins_grid_1
D:11:     layout_grid_maze
Temple:   nicolae_temple_hex_pool
Lair:1:   layout_layer_cave, basic_altar
Lair:2:   layout_roguey, elwin_shoals_entry_rooms, cheibrodos_lair_lostbears,
          grunt_megastairs_4, infiniplex_staircase_pool_2
Lair:3:   layout_regular_city, nicolae_spider_entry_tight_spaces
Lair:4:   layout_regular_city, chequers_serial_rivers_micro_e,
          grunt_megastairs_3, uniq_rupert

Skill      XL: |  1  2  3  4  5  6  7  8  9 10 11 12 |
---------------+-------------------------------------+-----
Spellcasting   | 3 4 5 6 8 9 10 11 | 11.0
Conjurations   | 4 5 6 8 9 10 12 13 | 13.6
Fighting       | 2 3 4 5 |  5.0
Shields        | 1 3 4 |  4.0
Armour         | 2 4 |  4.0
Dodging        | 2 4 5 |  5.0
Slings         | 3 5 |  5.0
Stealth        | |  1.5

Action                   |  1- 3 |  4- 6 |  7- 9 | 10-12 || total
-------------------------+-------+-------+-------+-------++-------
Melee: Unarmed           |     5 |       |       |       ||     5
       Short sword       |    33 |       |       |       ||    33
       Flail             |       |     1 |       |       ||     1
 Fire: Hunting sling     |       |       |     1 |    83 ||    84
 Cast: Magic Dart        |    99 |   101 |    54 |    87 ||   341
       Searing Ray       |       |    10 |    67 |   151 ||   228
       Fulminant Prism   |       |       |     3 |    28 ||    31
Invok: Call Merchant     |       |       |       |     1 ||     1
       Potion Petition   |       |       |       |     1 ||     1
Evoke: Wand              |       |       |       |    15 ||    15
  Use: Scroll            |       |       |    12 |     3 ||    15
Armor: Robe              |     6 |     2 |       |       ||     8
       Steam dragon scal |       |       |     6 |    92 ||    98
Dodge: Dodged            |    30 |    10 |    28 |   218 ||   286
Block: Buckler           |       |       |     7 |    73 ||    80

Table legend: (Time is in decaauts)
 A = Elapsed time spent in this place.
 B = Non-inter-level travel time spent in this place.
 C = Inter-level travel time spent in this place.
 D = Time resting spent in this place.
 E = Time spent auto-exploring this place.
 F = Levels seen in this place.
 G = Mean time per level.
                   A        B        C        D        E       F      G
               +--------+--------+--------+--------+--------+-----+--------+
         Total |  16979 |  16167 |    812 |   1706 |  12472 |  16 | 1061.2 |
       Dungeon |  12539 |  11942 |    597 |   1348 |   9221 |  11 | 1139.9 |
        Temple |    129 |     73 |     56 |      0 |     71 |   1 |  129.0 |
          Lair |   4310 |   4152 |    158 |    358 |   3180 |   4 | 1077.5 |
               +--------+--------+--------+--------+--------+-----+--------+

Top non-repeatable levels by time:
     D:1: 1687 daAuts
    D:11: 1442 daAuts
     D:6: 1360 daAuts
     D:9: 1270 daAuts
     D:3: 1253 daAuts
  Lair:3: 1233 daAuts
  Lair:1: 1232 daAuts
    D:10: 1172 daAuts
     D:8: 1145 daAuts
     D:5: 1069 daAuts
  Lair:2: 1047 daAuts
     D:2: 821 daAuts
  Lair:4: 797 daAuts
     D:7: 750 daAuts
     D:4: 566 daAuts

Table legend:
 A = Kills in this place as a percentage of kills in entire the game.
 B = Kills by you in this place as a percentage of kills by you in the entire game.
 C = Kills by friends in this place as a percentage of kills by friends in the entire game.
 D = Other kills in this place as a percentage of other kills in the entire game.
 E = Experience gained in this place as a percentage of experience gained in the entire game.
 F = Experience gained in this place divided by the number of levels of this place that you have seen.
                   A       B       C       D       E      F
               +-------+-------+-------+-------+-------+----------------------
         Total | 100.0 | 100.0 |   N/A |   N/A | 100.0 | 2286.9
       Dungeon |  73.2 |  73.2 |   N/A |   N/A |  38.1 | 1267.8
          Lair |  26.8 |  26.8 |   N/A |   N/A |  61.9 | 5661.2
               +-------+-------+-------+-------+-------+----------------------
